 Dungeon Crawl Stone Soup version 0.32-a0-7-ge934b4519a (webtiles) character file.

Game seed: 14010516432614025309

157 miscthings the Changeling (level 5, 0/48 HPs)
             Began as an Oni Shapeshifter on Jan 14, 2024.
             Incinerated by a bombardier beetle (2 damage)
             ... with a burning spray
             ... on level 4 of the Dungeon.
             The game lasted 00:02:49 (1650 turns).

miscthings the Changeling (Oni Shapeshifter)        Turns: 1650, Time: 00:02:50

Health: 0/48       AC:  3    Str: 18    XL:     5   Next: 38%
Magic:  5/5        EV:  9    Int: 11    God:
Gold:   93         SH:  0    Dex: 10    Spells: 4/4 levels left

rFire   + .          .
                       - Unarmed
rCold   + . .        (no shield)
rNeg    . . .        a - +0 animal skin
rPois   +            (helmet currently unavailable)
rElec   +            (cloak currently unavailable)
rCorr   +            (gloves unavailable)
SInv    .            (boots unavailable)
Will    .....        (no amulet)
Stlth   +            (no ring)
HPRegen 0.28/turn    (no ring)
MPRegen 0.09/turn

%: no passive effects
@: on fire, beast-form, resistant, glowing
A: beast (slay +3), large, unfitting armour, horns 1, tough skin 1, double
potion healing, drunken brawling
a: Begin Untransformation


You were on level 4 of the Dungeon.
You were a hulking beast.
You visited 1 branch of the dungeon, and saw 3 of its levels.

You collected 93 gold pieces.

Inventory:

Armour
 a - a +0 animal skin (worn)
Talismans
 c - a beast talisman
 d - a flux talisman
Wands
 i - a wand of acid (6)
Scrolls
 f - a scroll of amnesia {unknown}
 g - a scroll of teleportation {unknown}
Potions
 b - a potion of lignification
 h - a potion of might {unknown}
 j - a potion of attraction {unknown}
 k - a potion of enlightenment {unknown}


   Skills:
 - Level 1.3 Fighting
 - Level 1.7 Dodging
 - Level 2.6 Unarmed Combat
 + Level 5.5 Shapeshifting


You had 4 spell levels left.
You didn't know any spells.
Your spell library contained the following spells:

 Spells                   Type           Power      Damage    Failure   Level
 Apportation              Tloc           0%         N/A       34%         1
 Kiss of Death            Conj/Necr      0%         2d5       34%         1
 Jinxbite                 Hex            0%         N/A       47%         2
 Confusing Touch          Hex            0%         N/A       71%         3
 Dispel Undead            Necr           0%         3d6       98%         4
 Alistair's Intoxication  Alch           0%         N/A       100%        5


Dungeon Overview and Level Annotations

Branches:
Dungeon (2/15)

Altars:


Innate Abilities, Weirdness & Mutations

You are a hulking beast.
Your limbs bulge with bestial killing power. (Slay +3)
You are too large for most types of armour.
You have a pair of small horns on your head.
You have tough skin. (AC +1)
You gain doubled healing and magic from potions.
Whenever you drink a healing potion, you attack all around you.


Message History

You hit the bombardier beetle.
The bombardier beetle is moderately wounded.
The liquid fire burns you!
You punch the bombardier beetle!
The bombardier beetle is severely wounded.
The liquid fire burns you!
The bombardier beetle sprays incendiary fluid at you.
The burning spray hits you.
You are even more covered in liquid fire!
You hit the bombardier beetle but do no damage.
The bombardier beetle is severely wounded.
The liquid fire burns you!
You completely miss the bombardier beetle.
The bombardier beetle is severely wounded.
The liquid fire burns you!
* * * LOW HITPOINT WARNING * * *
The bombardier beetle sprays incendiary fluid at you.
The burning spray hits you.
You are even more covered in liquid fire!
You punch the bombardier beetle!
You kill the bombardier beetle!
The liquid fire burns you!
* * * LOW HITPOINT WARNING * * *
You shake off some of the fire as you move.
The liquid fire burns you!
* * * LOW HITPOINT WARNING * * *
You shake off some of the fire as you move.
The liquid fire burns you!
* * * LOW HITPOINT WARNING * * *
Okay, then.
You shake off some of the fire as you move.
The liquid fire burns you!
* * * LOW HITPOINT WARNING * * *
It was a potion of resistance.
You feel protected. The liquid fire burns you!
* * * LOW HITPOINT WARNING * * *
You shake off some of the fire as you move.
The liquid fire burns you!
You die...

### ...
#.# #.#
#.# #h#
#.#
#.#####..#
#..†.....#
#######...


There were no monsters in sight!

Vanquished Creatures
  A bombardier beetle (D:4)
  Jessica (D:2)
  4 gnolls (D:2)
  2 adders (D:2)
  4 dart slugs
  3 ball pythons
  2 endoplasms
  A giant cockroach (D:2)
  4 goblins
  5 hobgoblins
  A quokka (D:1)
  2 bats (D:2)
  4 frilled lizards
  2 kobolds (D:1)
  7 rats
43 creatures vanquished.

Notes
Turn   | Place    | Note
-------+----------+-------------------------------------------
     0 | D:1      | miscthings the Oni Shapeshifter began the quest for the
                  | Orb.
     0 | D:1      | Reached XP level 1. HP: 19/19 MP: 1/1
   160 | D:1      | Found a faded altar of an unknown god.
   253 | D:1      | Reached XP level 2. HP: 24/27 MP: 2/2
   542 | D:1      | Reached XP level 3. HP: 32/33 MP: 3/3
   547 | D:1      | Reached skill level 4 in Shapeshifting
   820 | D:2      | Noticed Jessica
   826 | D:2      | Killed Jessica
   867 | D:2      | Reached XP level 4. HP: 38/41 MP: 4/4
  1182 | D:2      | Reached skill level 5 in Shapeshifting
  1210 | D:2      | Reached XP level 5. HP: 19/48 MP: 5/5
  1633 | D:2      | You fall into a shaft and drop 2 floors!
  1649 | D:4      | HP: 2/48 [burnt (1)]
  1650 | D:4      | Incinerated by a bombardier beetle

Illustrated notes

Levels and vault maps discovered:
D:1:      sevenhm_arrival_forest_fort_large_2, layout_loops_cross,
          shapermc_ecumenical_altar_gd, wad_floor_pattern_1, serial_bayou_pond_d
D:2:      layout_loops_corners, minmay_box_of_dots, uniq_jessica
D:4:      layout_loops_corners, minmay_temple_entry_crystal_x, uniq_menkaure

Skill      XL: |  1  2  3  4 |
---------------+-------------+-----
Shapeshifting  | 4 5 |  5.5
Fighting       | |  1.3
Dodging        | |  1.7
Unarmed Combat | |  2.6

Action                     |  1- 3 |  4- 6 || total
---------------------------+-------+-------++-------
  Melee: Unarmed           |    51 |    60 ||   111
         Headbutt          |     7 |    13 ||    20
    Use: Potion            |       |     1 ||     1
   Stab: Sleeping          |     1 |     1 ||     2
 Armour: Animal skin       |    28 |    30 ||    58
  Dodge: Dodged            |    19 |    17 ||    36

Table legend: (Time is in decaauts)
 A = Elapsed time spent in this place.
 B = Non-inter-level travel time spent in this place.
 C = Inter-level travel time spent in this place.
 D = Time resting spent in this place.
 E = Time spent auto-exploring this place.
 F = Levels seen in this place.
 G = Mean time per level.
                   A        B        C        D        E       F      G
               +--------+--------+--------+--------+--------+-----+--------+
         Total |   1644 |   1605 |     39 |     62 |   1269 |   3 |  548.0 |
       Dungeon |   1644 |   1605 |     39 |     62 |   1269 |   3 |  548.0 |
               +--------+--------+--------+--------+--------+-----+--------+

Top non-repeatable levels by time:
     D:1: 817 daAuts
     D:2: 810 daAuts
     D:4: 16 daAuts
